 Dungeon Crawl Stone Soup version 0.31-a0-1300-gb6740aa4e6 (webtiles) character file.

Game seed: 17358873262841843156

27 avis the Changeling (level 2, 15/15 HPs)
             Began as a Felid Shapeshifter on Dec 18, 2023.
             Got out of the dungeon alive.
             The game lasted 00:04:02 (780 turns).

avis the Changeling (Felid Shapeshifter)             Turns: 780, Time: 00:04:02

Health: 15/15      AC:  1    Str: 10    XL:     2   Next: 93%
Magic:  3/3        EV: 17    Int: 13    God:
Gold:   123        SH:  0    Dex: 15    Spells: 1/1 levels left
                                        Lives:  0   Deaths: 1

rFire   . .          .
                       - Unarmed
rCold   . . .        (shield unavailable)
rNeg    . . .        (body armour unavailable)
rPois   .            (helmet unavailable)
rElec   .            (cloak unavailable)
rCorr   .            (gloves unavailable)
SInv    +            (boots unavailable)
Will    .....        (no amulet)
Stlth   +            (no ring)
HPRegen 0.22/turn    (no ring)
MPRegen 0.08/turn

%: no passive effects
@: beast-form
A: beast (slay +1), very small, claws 1, fangs 3, see invisible, shaggy fur 1,
stealthy paws, no weapons or thrown items, no armour, multi-lived
a: Begin Untransformation


You escaped.
You were a hulking beast.
You visited 1 branch of the dungeon, and saw 2 of its levels.

You collected 123 gold pieces.

Inventory:

Talismans
 b - a beast talisman
 c - a flux talisman
Scrolls
 d - 2 scrolls of identify {unknown}
 f - a scroll of poison {unknown}
 h - a scroll of enchant armour {unknown}
Potions
 a - 2 potions of lignification
 e - a potion of curing {unknown}
 g - a potion of degeneration {unknown}


   Skills:
 - Level 2.0 Fighting
 - Level 3.0 Dodging
 - Level 3.0 Unarmed Combat
 * Level 3.2 Shapeshifting


You had one spell level left.
You didn't know any spells.
Your spell library was empty.

Dungeon Overview and Level Annotations

Branches:
Dungeon (2/15)

Altars:
Trog

Annotations:
D:2 Natasha


Innate Abilities, Weirdness & Mutations

You are a hulking beast.
Your limbs bulge with bestial killing power. (Slay +1)
You have sharp claws.
You have razor-sharp teeth.
You have supernaturally acute eyesight. (SInv)
You are covered in fur. (AC +1)
Your paws help you pounce on unaware monsters.
You are incapable of wielding weapons or throwing items.
You cannot wear armour.
You gain extra lives every three experience levels.


Message History

You miss Natasha. Natasha barely misses you.
You scratch Natasha.
Natasha is moderately wounded.
Natasha claws you but does no damage.
You scratch Natasha. Your bite misses Natasha.
Natasha is heavily wounded.
You scratch Natasha.
Natasha is almost dead.
Natasha closely misses you.
You closely miss Natasha. Your claw misses Natasha.
Natasha is almost dead.
Natasha casts a spell.
You completely miss Natasha.
Natasha is almost dead.
Natasha stares at you and mumbles some strange words.
You resist with some effort.
You miss Natasha.
Natasha is almost dead.
Natasha stares at you and mumbles some strange words.
The magic dart hits you!
The cerulean imp hits you from afar with a +5 spear!
Ouch! That really hurt!
You die...
Your shape twists and changes as you die.
You rejoin the land of the living...
Found 10 gold pieces.
You see here a +0 whip.
A goblin comes into view. It is wielding a +0 club.
The goblin shouts!
The goblin closely misses you.
You scratch the goblin.
The goblin is moderately wounded.
The goblin misses you.
You closely miss the goblin. You bite the goblin.
You kill the goblin!
There is a stone staircase leading up here.
You climb upwards.
There is a stone staircase leading down here.
There is a staircase leading out of the dungeon here.
You have escaped!

...(###.#...#
#.#######...#
........#...######.##
#...#
...#####....#.......##
###...#### ...#
#...#..♣♣.♣♣..###.........
...#
#....♣♣♣♣.♣♣♣♣...)........
...#
#.>.♣♣♣♣∩.∩♣♣♣♣.>.........
...#
#...♣♣∩.....∩♣♣...........
...#
#..♣♣∩..♣♣♣..∩♣♣..........
...##
##.♣♣∩...h...∩♣♣..........
#...#
#.♣♣∩..♣♣♣..∩♣♣.#######.#
#.#.# #..♣♣∩.....∩♣♣..#
#.# #.#.#
#⌠.♣♣♣.∩∩∩♣.♣♣.># ###.#
..#.#####...♣.♣♣♣♣♣...###
#...#
###.#.........♣♣♣♣♣..##
####'###
....#.####+##.......##
#....... #.....#
#.......##### ###.......
....#####.......#
#####.'.......


There were no monsters in sight!

Vanquished Creatures
  A dart slug (D:2)
  3 ball pythons (D:1)
  4 endoplasms (D:1)
  4 goblins
  4 jackals (D:2)
  A frilled lizard (D:2)
  3 kobolds
20 creatures vanquished.

Notes
Turn   | Place    | Note
-------+----------+-------------------------------------------
     0 | D:1      | avis the Felid Shapeshifter began the quest for the Orb.
     0 | D:1      | Reached XP level 1. HP: 10/10 MP: 2/2
   384 | D:1      | Reached XP level 2. HP: 15/15 MP: 3/3
   581 | D:2      | Found a bloodstained altar of Trog.
   730 | D:2      | Noticed Natasha
   740 | D:2      | Slain by a cerulean imp
   780 | D:$      | Got out of the dungeon alive.

Illustrated notes

Levels and vault maps discovered:
D:1:      heliophobic_arrival_henge, layout_basic
D:2:      layout_rooms, basic_altar, minmay_misc_feat_roman, uniq_natasha

Skill      XL: |  1  2 |
---------------+-------+-----
Fighting       | 2 |  2.0
Dodging        | 3 |  3.0
Shapeshifting  | 3 |  3.2
Unarmed Combat | |  3.0

Action                     || total
---------------------------++-------
  Melee: Unarmed           ||    48
         Bite              ||     4
         Punch             ||     1
   Stab: Sleeping          ||     1
 Armour: Skin              ||    11
  Dodge: Dodged            ||    23

Table legend: (Time is in decaauts)
 A = Elapsed time spent in this place.
 B = Non-inter-level travel time spent in this place.
 C = Inter-level travel time spent in this place.
 D = Time resting spent in this place.
 E = Time spent auto-exploring this place.
 F = Levels seen in this place.
 G = Mean time per level.
                   A        B        C        D        E       F      G
               +--------+--------+--------+--------+--------+-----+--------+
         Total |    777 |    643 |    134 |     15 |    342 |   2 |  388.5 |
       Dungeon |    777 |    643 |    134 |     15 |    342 |   2 |  388.5 |
               +--------+--------+--------+--------+--------+-----+--------+

Top non-repeatable levels by time:
     D:1: 649 daAuts
     D:2: 128 daAuts
